AoeStats
← rockstar_vb

Arabia

509822023Analyzed
2v2 RM · 5d ago on Sep 28, 2026· 40m 41s· 4 players
Game mode
Random Map
Map size
Medium (4 player)
Population
200
Speed
Normal
Resources
Standard
Victory
Conquest
Starting age
Dark Age
Ending age
Imperial Age
RankedLock teamsTeams togetherTeam positionsShared explorationLock speedFull tech treeHidden civsTurbo modeCheats
Victory
Defeat
🇲🇽 Huns · Mexico
995
+12
🇺🇸 Maya · United States
902
+16
🇨🇱 Wei · Chile
966
-17
🇦🇷 Vietnamese · Argentina
839
-11
dse_dll
4:02 Loom
9:56 Feudal Age
17:45 Castle Age
16:25 Padded Archer Armor
16:15 Fletching
17:12 Fletching
18:38 Bodkin Arrow
20:41 Ballistics
25:55 Wheelbarrow
26:50 Horse Collar
27:30 Leather Archer Armor
31:02 Scale Barding Armor
31:08 Forging
34:04 Chain Barding Armor
34:59 Iron Casting
37:43 Imperial Age
35:42 Marauders
37:04 Bloodlines
37:52 Husbandry
37:49 Elite Tarkan
38:50 Conscription
39:07 Heavy Plow
40:51 Plate Barding Armor
rockstar_vb
11:48 Feudal Age
14:55 Double-Bit Axe
18:22 Castle Age
17:29 Gold Mining
19:15 Squires
19:29 Forging
20:09 Scale Mail Armor
23:18 Wheelbarrow
22:15 Eagle Warrior
22:42 Horse Collar
25:20 Iron Casting
27:07 Chain Mail Armor
31:57 Hand Cart
34:45 Imperial Age
34:51 Elite Eagle Warrior
36:11 Plate Mail Armor
36:42 Blast Furnace
37:33 Holcans
39:16 Arson
oriroroko94
8:53 Loom
12:40 Feudal Age
13:24 Double-Bit Axe
15:05 Loom
18:35 Castle Age
17:07 Horse Collar
18:17 Scale Barding Armor
toxic-mushroom
12:20 Feudal Age
10:36 Loom
13:48 Double-Bit Axe
13:46 Horse Collar
15:49 Padded Archer Armor
23:35 Castle Age
23:04 Wheelbarrow
25:04 Bow Saw
25:07 Elite Skirmisher
27:03 Leather Archer Armor
26:39 Fletching
28:34 Heavy Plow
29:51 Bodkin Arrow
34:21 Stone Mining
37:35 Town Watch
39:57 Murder Holes
Connection lost

Rejoining the realm…

Still unreachable

The connection could not be restored.

Session expired

The server has moved on; the page needs a fresh start.